[Event "*** Titled Tuesday Blitz"]
[Site "Chess.com"]
[Date "2020.05.19"]
[Round "9"]
[White "Sesleria"]
[Black "Gandrade2"]
[Result "1/2-1/2"]
[WhiteElo "1927"]
[BlackElo "2025"]
[TimeControl "180+1"]
[EndTime "13:48:04 PDT"]
[Termination "Game drawn by repetition"]

1. d4 d5 2. c4 e6 3. Nc3 a6 4. e4 dxe4 5. Nxe4 Bb4+ 6. Bd2 Qxd4 7.
Bxb4 Qxe4+ 8. Be2 Qxg2 9. Bf3 Qg6 10. Qd2 Qh6 11. Qc2 Ne7 12. Bd2 Qg6 13. Be4 Qf6 14. Bc3 e5 15. Nf3 Nbc6 16. O-O-O Bf5 17. Rhe1 O-O 18.
Bxf5 Qxf5 19. Nxe5 Nxe5 20. Qxf5 Nxf5 21. Rxe5 Nd6 22.
Re7 Rac8 23. Rg1 g6 24. b3 Rfe8 25. Rge1 Rxe7 26. Rxe7 Kf8 27. Bf6 Nf5 28. Rd7 h5 29. Kc2 b6 30. Kc3 c5 31. Rb7 Nd6 32. Rxb6 Ne4+ 33.
Kd3 Nxf2+ 34. Kc3 Ng4 35. Bg5 Nxh2 36. Rxa6 Ng4 37. Rb6 f6 38. Bxf6 Nxf6 39. Rxf6+ Kg7 40. Rd6 h4 41. a4 h3 42. Rd3 Rh8 43. Rd1 h2 44.
Rh1 g5 45. Kd3 g4 46. Ke3 Kg6 47. Kf2 Kg5 48. Kg2 Kf4 49. Rxh2 Rb8 50. Rh5 Rxb3 51.
Rxc5 Rb2+ 52. Kf1 Kf3 53. Ke1 Rb1+ 54. Kd2 Ra1 55. a5 g3 56. Rf5+ Kg2 57. Kd3 Kh2 58.
Kd4 g2 59. Rh5+ Kg3 60. Rg5+ Kf3 61. c5 Rxa5 62. Kd5 Rxc5+ 63. Kxc5 Kf2 64. Rf5+ Ke1 65.
Rg5 Kf1 66. Rf5+ Ke2 67. Rg5 Kf1 68. Rf5+ Ke2 69. Rg5 Kf1 1/2-1/2

[Event "*** Titled Tuesday Blitz"]
[Site "Chess.com"]
[Date "2020.05.19"]
[Round "9"]
[White "politeplayer"]
[Black "Corpescador"]
[Result "1-0"]
[WhiteElo "2227"]
[BlackElo "2343"]
[TimeControl "180+1"]
[EndTime "13:48:05 PDT"]
[Termination "politeplayer won on time"]

1. e4 c5 2. d4 cxd4 3. c3 dxc3 4. Nxc3 a6 5. Nf3 Nc6 6. Bc4 d6 7. O-O Nf6 8. Be3 e6 9. Qe2 b5 10. Bb3 Bd7 11. Rfd1 Qb8 12. Rac1 Be7 13. h3 O-O 14. Bc2 Rd8 15. Bb1 Qb7 16. Ng5 h6 17. Nf3 Rac8 18. Bf4 e5 19. Be3 Be6 20. Nd5 Bxd5 21. exd5 Nb8 22.
Nh4 Bf8 23. Nf5 Qd7 24. Qf3 e4 25. Qf4 Rxc1 26. Rxc1 Re8 27. Nxh6+ gxh6 28. Qxf6 Bg7 29. Qh4 Qd8 30. Qxd8 Rxd8 31. Bxe4 Nd7 32. b3 Nf6 33.
Bf3 Re8 34. Rc6 Ne4 35. Bxe4 Rxe4 36. Rxd6 a5 37. Rd8+ Kh7 38. d6 Re5 39. d7 Rd5 40.
g3 a4 41. bxa4 bxa4 42. Ra8 Rxd7 43. Rxa4 Rd1+ 44. Kg2 h5 45. Ra7 Kg6 46. a4 Ra1 47. a5 Ra2 48. a6 Be5 49. Kf3 h4 50. Re7 Bf6 51. Ra7 hxg3 52. Kxg3 Ra3 53. Kf3 Bd4 54. Ra8 Bxe3 55. fxe3 Kg7 56. a7 Ra4 57. e4 Ra3+ 58. Kf4 Ra5 59. e5 Ra4+ 60. Kf5 Ra5 61. h4 Ra4 62. h5 Ra6 63. h6+ Kh7 64. Rf8 Rxa7 65. Kf6 1-0

[Event "*** Titled Tuesday Blitz"]
[Site "Chess.com"]
[Date "2020.05.19"]
[Round "9"]
[White "Akhayan"]
[Black "Lovinski"]
[Result "1-0"]
[WhiteElo "2304"]
[BlackElo "2429"]
[TimeControl "180+1"]
[EndTime "13:48:07 PDT"]
[Termination "Akhayan won by resignation"]

1. d4 d5 2. Nf3 e6 3. g3 Nf6 4.
Bg2 b5 5. O-O Bb7 6. b3 Be7 7.
Bb2 O-O 8. Nbd2 Nbd7 9. Rc1 c5 10.
c4 dxc4 11. bxc4 b4 12. d5 exd5 13. Nh4 Nb6 14. Nf5 Bc8 15. Nxe7+ Qxe7 16. cxd5 Nfxd5 17. Nc4 Bb7 18. Nxb6 Nxb6 19. Bxb7 Qxb7 20. Rxc5 Rad8 21. Qb3 Qa6 22. Rg5 g6 23. Qxb4 Qc4 24. Rg4 Qxb4 25. Rxb4 Rd2 26. e3 Rc8 27. Bd4 Rcc2 28. Bxb6 axb6 29.
Rxb6 Rxa2 30. Rb4 h5 31. h4 Kg7 32. Rf4 Rdc2 33. Rd1 Rd2 34. Rb1 Rdb2 35. Rc1 Rc2 36. Rf1 f6 37. Rb1 Rcb2 38. Rxb2 Rxb2 39. Kg2 g5 40.
Rf5 Kg6 41. Rc5 gxh4 42. gxh4 Rb4 43. Kg3 Rg4+ 44. Kh3 Rg1 45. Rc4 Rh1+ 46. Kg2 Ra1 47. Kf3 Rh1 48. Kg2 Ra1 49. Rb4 Rc1 50. Rb8 Ra1 51.
Rg8+ Kf7 52. Rh8 Kg6 53. Rg8+ Kf7 54. Rc8 Kg6 55. e4 Ra4 56. Kf3 Ra1 57. Rc6 Rh1 58. e5 Rxh4 59. Rxf6+ Kg7 60. Rf4 Rh3+ 61. Ke4 Ra3 62. Rf6 h4 63. Rf4 h3 64. Rh4 Kg6 65.
Rh8 Ra4+ 66. Kd5 Rf4 67. Rxh3 Rxf2 68. Ke6 Ra2 69. Rg3+ Kh7 70. Kf6 Rf2+ 71. Ke7 Ra2 72. e6 Ra7+ 73. Kf6 Ra6 74. Kf7 Ra7+ 75. e7 Kh6 76. Kf8 1-0

[Event "*** Titled Tuesday Blitz"]
[Site "Chess.com"]
[Date "2020.05.19"]
[Round "9"]
[White "Anna_Ko_Rnd"]
[Black "MisiekZielony"]
[Result "1-0"]
[WhiteElo "1667"]
[BlackElo "2089"]
[TimeControl "180+1"]
[EndTime "13:48:08 PDT"]
[Termination "Anna_Ko_Rnd won on time"]

1. e4 Nf6 2. e5 Nd5 3. d4 d6 4. Nf3 Bg4 5. exd6 exd6 6. c4 Nb6 7. Nc3 Be7 8. Be2 O-O 9. b3 Nc6 10. O-O Bf6 11. Be3 Re8 12. h3 Bh5 13. Qd2 a6 14.
Rfe1 d5 15. c5 Nc8 16. b4 Bxf3 17. Bxf3 N8e7 18. Rab1 g6 19. a4 h5 20. Red1 a5 21.
b5 Nb4 22. g4 hxg4 23. hxg4 c6 24. b6 Qd7 25. Kg2 Bg7 26. Rh1 f6 27. Bh6 Bh8 28. Rh2 Qe6 29. Rbh1 Qf7 30. Bf8 Bg7 31. Bxg7 Qxg7 32.
Rh6 Rad8 33. Qf4 g5 34. Qh2 Ng6 35. Rxg6 Qxg6 36. Qh8+ Kf7 37. Rh7+ Ke6 38. Qg7 Qxg7 39. Rxg7 Re7 40. Rxe7+ Kxe7 41. Bd1 Rf8 42. f4 gxf4 43. Kf3 f5 44. g5 Rh8 45. Kxf4 Rh3 46. Ne2 Rd3 47. Kxf5 Rxd1 48. g6 Rf1+ 49. Nf4 Rxf4+ 50. Kxf4 Nc2 51. Ke5 Kf8 52. Kd6 Nxd4 53. Kc7 Nb3 54. Kxb7 Nxc5+ 55. Kxc6 Nxa4 56. b7 1-0

[Event "*** Titled Tuesday Blitz"]
[Site "Chess.com"]
[Date "2020.05.19"]
[Round "9"]
[White "Sanan_Sjugirov"]
[Black "GHANDEEVAM2003"]
[Result "0-1"]
[WhiteElo "2834"]
[BlackElo "2918"]
[TimeControl "180+1"]
[EndTime "13:48:09 PDT"]
[Termination "GHANDEEVAM2003 won by resignation"]

1. d4 d5 2. c4 e6 3. Nf3 Nf6 4. g3 dxc4 5. Bg2 Bd7 6. Ne5 Bc6 7. Nxc6 Nxc6 8. e3 Qd7 9. Nd2 h5 10. Nxc4 h4 11. Bd2 Nd5 12. Qa4 f5 13. Rc1 O-O-O 14.
a3 Kb8 15. b4 Bd6 16. Qb3 Nce7 17. b5 g5 18. a4 Nf6 19. Na5 Ned5 20. Nc6+ Ka8 21. Nxd8 Qxd8 22. a5 hxg3 23. hxg3 Rxh1+ 24. Bxh1 Qh8 25. Bxd5 exd5 26. Qd3 Qh1+ 27. Qf1 Qf3 28.
a6 Ne4 29. axb7+ Kxb7 30. Rc2 Nxf2 31. Bc1 Bb4+ 32. Bd2 Qxe3+ 33. Qe2 Nd3+ 34. Kf1 Bxd2 35. Rxd2 Qxe2+ 36. Kxe2 Nb4 37. Ke3 Kb6 38. Rf2 f4+ 39. gxf4 gxf4+ 40. Rxf4 Kxb5 41. Rf7 Kb6 42. Rf6+ c6 43. Kd2 a5 44. Kc3 Na6 45. Rf8 Nc7 46.
Rb8+ Ka7 47. Rc8 Nb5+ 48. Kd3 Kb7 49. Rh8 a4 50. Rh1 a3 51. Kc2 Nxd4+ 52. Kc3 Nb5+ 53. Kb4 Kb6 54. Rh6 d4 55. Rg6 a2 56. Rg1 Nc3 57. Kb3 Kb5 58. Rf1 c5 59. Kc2 Kc4 60. Ra1 Kb4 61. Kd2 Kb3 62. Kd3 Kb2 63. Rf1 a1=Q 0-1

[Event "*** Titled Tuesday Blitz"]
[Site "Chess.com"]
[Date "2020.05.19"]
[Round "9"]
[White "djano"]
[Black "Igor_Lysyj"]
[Result "0-1"]
[WhiteElo "2457"]
[BlackElo "2757"]
[TimeControl "180+1"]
[EndTime "13:48:10 PDT"]
[Termination "Igor_Lysyj won by resignation"]

1. d4 Nf6 2. Nf3 d5 3. Bf4 c5 4. e3 Nc6 5. Nbd2 cxd4 6. exd4 Qb6 7. Nb3 Bg4 8. Be2 e6 9. O-O Be7 10. a4 a6 11. a5 Qa7 12. h3 Bh5 13. c3 O-O 14. Ne5 Bxe2 15. Qxe2 Nxe5 16. Bxe5 Nd7 17. Bh2 Rfe8 18. Rfe1 b6 19. axb6 Qxb6 20. Na5 Bf8 21. b4 Rec8 22. Rac1 Qb5 23. Qf3 Nb6 24. h4 Nc4 25.
Nxc4 Rxc4 26. Ra1 Qc6 27. Re3 Rc8 28. Bg3 h6 29. Ra3 Be7 30. h5 Bg5 31. Rd3 Qb7 32. Kh2 Bd8 33. Be5 f6 34. Bg3 R8c6 35. Re3 Qf7 36.
Re2 Rb6 37. Rea2 Rcc6 38. Ra5 Qb7 39. Rc5 Be7 40. Rxc6 Rxc6 41. Qd3 Qc8 42. Ra3 Bd8 43. Qe3 Be7 44. Qd3 Rc4 45. Qe3 Bf8 46. Qd3 Qc6 47. Qe3 a5 48. Rxa5 Rxc3 49. Qe1 Rc1 50. Qe3 Bxb4 51.
Rc5 Rxc5 52. dxc5 Bxc5 53. Qc3 Qb6 54. Qe1 e5 55. Qd1 Qe6 56. f3 Qf7 57. f4 e4 58. Be1 f5 59. g4 fxg4 60. Qxg4 Bf8 61. Kg3 d4 62. f5 Bd6+ 63. Kh3 Qb3+ 64. Kg2 Qc2+ 65. Kf1 Qd3+ 66. Kg1 Qe3+ 67. Bf2 Qc1+ 68. Kg2 e3 69. Qxd4 Qc6+ 70. Kf1 exf2 71. Qe4 Qxe4 0-1

[Event "*** Titled Tuesday Blitz"]
[Site "Chess.com"]
[Date "2020.05.19"]
[Round "9"]
[White "FontVella8"]
[Black "GadimbayliA"]
[Result "1-0"]
[WhiteElo "2558"]
[BlackElo "2806"]
[TimeControl "180+1"]
[EndTime "13:48:11 PDT"]
[Termination "FontVella8 won on time"]

1. e4 e5 2. Nf3 d5 3. Qe2 Nf6 4. exd5 e4 5. d3 Bb4+ 6. c3 O-O 7. dxe4 Bd6 8. Bg5 Re8 9. Nbd2 h6 10. Bxf6 Qxf6 11. Nd4 Nd7 12. O-O-O Nc5 13. f3 Be5 14. Nc4 Bf4+ 15. Kb1 h5 16. g3 Bh6 17. h4 b5 18.
Na5 Rb8 19. Nac6 Rb6 20. b3 a5 21. Qc2 Bd7 22. Bg2 Qg6 23. Bh3 Qxg3 24. Bxd7 Nxd7 25. Rdg1 Qf4 26. Nf5 Ne5 27. Nxh6+ Qxh6 28. Nd4 g6 29. Rg2 Qf4 30. Qd2 Rf6 31. Qxf4 Rxf4 32. Rg3 b4 33. cxb4 axb4 34. Rc1 Re7 35. Nc6 Nxc6 36. Rxc6 Rxh4 37. Rc4 Rh1+ 38. Kc2 h4 39. Rg4 h3 40. Rh4 h2 41.
Rxb4 Ra1 42. Rb8+ Kg7 43. Rbh8 Rxa2+ 44. Kc3 Rf2 45. Kd4 Rxf3 46. e5 g5 47. R4h7+ Kg6 48. Rh6+ Kf5 49. Rf6+ Kg4 50. Rxf3 Kxf3 51. Rxh2 g4 52.
Rh6 g3 53. Rf6+ Ke2 54. d6 cxd6 55. exd6 Rb7 56. Kc5 g2 57. Kc6 Rxb3 58. d7 Rc3+ 59. Kb7 Rd3 60. Rxf7 Rf3 61. Re7+ Re3 62. d8=Q g1=Q 63.
Rxe3+ Qxe3 64. Qb6 Qb3 65. Qxb3 1-0

[Event "*** Titled Tuesday Blitz"]
[Site "Chess.com"]
[Date "2020.05.19"]
[Round "9"]
[White "MITerryble"]
[Black "Sibelephant"]
[Result "0-1"]
[WhiteElo "2854"]
[BlackElo "3167"]
[TimeControl "180+1"]
[EndTime "13:48:12 PDT"]
[Termination "Sibelephant won on time"]

1. d4 Nf6 2. Nf3 g6 3. Bg5 Bg7 4. c3 O-O 5. Nbd2 d6 6. e4 Nc6 7. Be2 e5 8. dxe5 dxe5 9. O-O Qe7 10. b4 Rd8 11. Qc2 h6 12. Bh4 g5 13. Bg3 Nh5 14.
Rfe1 Nf4 15. Bf1 Bg4 16. h3 Bh5 17. Bh2 a5 18. a3 Qf6 19. b5 Ne7 20. Re3 Bg6 21.
Nc4 Ned5 22. Ree1 Nxh3+ 23. Kh1 Nhf4 24. Nfxe5 Bh7 25. f3 h5 26. Rad1 Qe7 27. Qc1 Nb6 28. Nxb6 cxb6 29. Nc4 Qc5 30. Bg1 Qe7 31. Nxb6 Rxd1 32.
Rxd1 Rd8 33. Nd5 Nxd5 34. Rxd5 Rxd5 35. exd5 g4 36. Qf4 Qh4+ 37. Qh2 Qe1 38. Qb8+ Bf8 39. Bc4 gxf3 40. gxf3 Qxc3 41. Be2 Bg6 42. d6 Qe5 43. Bc4 Kg7 44. Qxb7 Bxd6 45. Qd5 Qg3 46. Qd4+ Kh7 47. Qf2 Qh3+ 48. Bh2 Bxh2 49. Qxh2 Qxf3+ 50. Qg2 Qf4 51. Bd5 Qc1+ 52. Kh2 Qxa3 53. Qg3 Qb2+ 54. Bg2 Qxb5 55.
Qe3 Qb8+ 56. Kh1 a4 57. Qa3 Qb3 58. Qd6 a3 59. Bd5 Qd1+ 60. Kh2 a2 61. Bxf7 Qxd6+ 0-1

[Event "*** Titled Tuesday Blitz"]
[Site "Chess.com"]
[Date "2020.05.19"]
[Round "9"]
[White "FMJoseHerrera"]
[Black "FGHSMN"]
[Result "0-1"]
[WhiteElo "2632"]
[BlackElo "2528"]
[TimeControl "180+1"]
[EndTime "13:48:12 PDT"]
[Termination "FGHSMN won on time"]

1. Nf3 Nf6 2. g3 b6 3. Bg2 Bb7 4. d3 c5 5. O-O g6 6. a4 Bg7 7.
c3 O-O 8. Nbd2 d5 9. Qc2 Nbd7 10. e4 e5 11. exd5 Nxd5 12. Nc4 Qc7 13. Re1 Rfe8 14.
h4 a6 15. h5 b5 16. axb5 axb5 17. Rxa8 Bxa8 18. Ne3 Nxe3 19. Bxe3 Nf6 20. hxg6 hxg6 21. c4 b4 22. Qa4 Bc6 23. Qc2 e4 24. Bf4 Qb7 25.
Nh4 exd3 26. Rxe8+ Nxe8 27. Qxd3 Bxg2 28. Nxg2 Bxb2 29.
Qd8 Qc6 30. Ne3 Bf6 31. Qb8 Qd7 32. Nd5 Bd8 33. Qe5 f6 34. Qe4 Kf7 35. Be3 Nd6 36. Qc2 Qc6 37. Nf4 Qe4 38. Qd2 Be7 39. Bxc5 Nxc4 40.
Qd7 Qe1+ 41. Kh2 Nd2 42. Qd5+ Kg7 43. Ne6+ Kh8 44. Bxe7 Qxf2+ 45. Kh3 Qf1+ 46. Qg2 Qf5+ 47. Kh2 Qxe6 48. Bxb4 Ne4 49. Qc2 Kg7 50. Be1 Qe5 51.
Kg2 g5 52. Qa2 Kg6 53. Qc2 Qd5 54. g4 f5 55. gxf5+ Kxf5 56. Kf3 g4+ 57. Kg2 Kg5 58. Kh2 Qe5+ 59. Kg1 Qd4+ 60. Kg2 Qe3 61. Qd1 g3 62.
Qd8+ Kf4 63. Qc7+ Kg4 64. Qg7+ Ng5 65. Qd7+ Ne6 66. Qd1+ Kh4 67. Qa4+ Nf4+ 0-1

[Event "*** Titled Tuesday Blitz"]
[Site "Chess.com"]
[Date "2020.05.19"]
[Round "9"]
[White "vpantev"]
[Black "Chichin_chao"]
[Result "1/2-1/2"]
[WhiteElo "2546"]
[BlackElo "2391"]
[TimeControl "180+1"]
[EndTime "13:48:12 PDT"]
[Termination "Game drawn by repetition"]

1. e4 c5 2. Nf3 e6 3. c3 Nf6 4. Bd3 d5 5. exd5 Nxd5 6. O-O Nc6 7. Bc4 Be7 8. d4 O-O 9. dxc5 Bxc5 10. Bg5 Nf6 11.
Qxd8 Rxd8 12. Bxf6 gxf6 13. Nbd2 a6 14. a4 Ne5 15. Be2 Bd7 16. Nxe5 fxe5 17. Nb3 Be7 18. Bf3 Rab8 19. Rfd1 f5 20. Be2 Be8 21. Na5 Rxd1+ 22. Bxd1 b6 23. Nb3 Kg7 24. Be2 a5 25. Bb5 Bh5 26.
f3 Rd8 27. Kf2 Bh4+ 28. Ke2 e4 29. Nd4 Kf6 30. h3 exf3+ 31. Nxf3 Bg3 32. Rd1 Rxd1 33. Kxd1 e5 34. Be2 Be8 35. b3 e4 36. Nd2 Bf2 37.
g4 Bd7 38. Kc2 Ke5 39. Nc4+ Kf4 40. gxf5 Bxf5 41. b4 axb4 42. cxb4 Bxh3 43. a5 bxa5 44. bxa5 Be6 45. Nd6 Ke5 46. Nb5 Bd7 47. a6 Bxb5 48.
Bxb5 h5 49. Kd1 h4 50. Ke2 Ba7 51. Bd7 Kf4 52. Kf1 Kf3 53. Bc8 e3 54. Bb7+ Kg3 55. Bc6 h3 56. Bb7 Kh2 57. Bc6 Kg3 58. Bb7 Kf4 59. Ke2 Ke5 60. Bc8 h2 61. Bb7 Kd4 62.
Bh1 Kc5 63. Bg2 Kb4 64. Bb7 Kb5 65. Kd3 Kb6 66. Ke2 Kc7 67. Kd3 Bb6 68. Ke2 Kd6 69. Kd3 Ke5 70. Ke2 Kf4 71. Ba8 Ba7 72. Bb7 Kg3 73. Ba8 Kf4 74. Bb7 Ke5 75. Kd3 Kf4 76.
Ke2 1/2-1/2

[Event "*** Titled Tuesday Blitz"]
[Site "Chess.com"]
[Date "2020.05.19"]
[Round "9"]
[White "GMartin_Petrov"]
[Black "hellokostya"]
[Result "1-0"]
[WhiteElo "2599"]
[BlackElo "2406"]
[TimeControl "180+1"]
[EndTime "13:48:13 PDT"]
[Termination "GMartin_Petrov won by resignation"]

1. c4 g6 2. g3 Bg7 3. Bg2 c5 4. Nc3 Nc6 5. e4 e6 6. Nge2 Nge7 7. O-O d6 8. d3 O-O 9. Rb1 b6 10. a3 Bb7 11. b4 Qd7 12. f4 Kh8 13. Kh1 Rac8 14.
b5 Nd4 15. Nxd4 Bxd4 16. Ne2 Bg7 17. Bb2 d5 18. Bxg7+ Kxg7 19. Qc2 Rcd8 20. Qc3+ d4 21. Qd2 f5 22. e5 Bxg2+ 23. Kxg2 Qb7+ 24. Kf2 a6 25. bxa6 Qxa6 26. Rb3 Rb8 27. Rfb1 h5 28. Ng1 Ng8 29.
Nf3 Nh6 30. h3 Nf7 31. Qb2 Rfe8 32. Ke2 Re7 33. Rxb6 Rxb6 34. Qxb6 Qxa3 35. Rb3 Qa2+ 36.
Rb2 Qa3 37. Qb3 Qa5 38. Qb5 Qc3 39. Qb3 Qc1 40. Nd2 Qh1 41. Qb6 Qxh3 42. Qxc5 Rd7 43. Qc6 Ra7 44. Qf3 Qh2+ 45. Qf2 Qh1 46. Qf1 Qc6 47.
Nf3 Ra3 48. Qb1 Qa4 49. Qc2 Qa7 50. Kf2 Ra1 51. Kg2 Qa5 52. Kh3 Nh6 53. Rb7+ Kh8 54. Qb2 Qa3 55. Rb8+ Kg7 56. Qxa3 Rxa3 57. Nxd4 Nf7 58.
Nxe6+ Kh6 59. Rb7 g5 60. Rxf7 Ra2 61. Rf6+ Kh7 62. Nxg5+ Kg8 63. Rxf5 h4 64. Rf6 Kg7 65. gxh4 Kg8 66. Kg4 Kh8 67. Kf5 Kg7 68. e6 Kg8 69. Rf7 Ra5+ 70. Kf6 Ra8 71. f5 Rb8 72. h5 Kh8 73. h6 Rg8 74. Rg7 Rf8+ 75. Nf7+ Rxf7+ 76. Rxf7 1-0

[Event "*** Titled Tuesday Blitz"]
[Site "Chess.com"]
[Date "2020.05.19"]
[Round "9"]
[White "MariaFominykh"]
[Black "kintoho"]
[Result "1-0"]
[WhiteElo "2359"]
[BlackElo "2415"]
[TimeControl "180+1"]
[EndTime "13:48:13 PDT"]
[Termination "MariaFominykh won by resignation"]

1. d4 g6 2. c4 Bg7 3. Nc3 c5 4. d5 Bxc3+ 5. bxc3 f5 6. Nf3 Qa5 7. Qc2 d6 8. g3 Nd7 9. Bg2 Nb6 10. Nd2 Nf6 11. O-O Bd7 12. Rb1 O-O-O 13. Re1 Qa4 14. Qb3 Qa6 15. Qc2 Nxc4 16. Nxc4 Qxc4 17. Qb2 b6 18. Qa3 Kb7 19. Bf1 Qa4 20. Qb2 Nxd5 21.
Bg2 Bc6 22. e4 fxe4 23. Rxe4 Qa5 24. Bd2 Qa6 25. Bf1 b5 26. c4 Nb4 27. Rxe7+ Ka8 28. cxb5 Bxb5 29. Bxb4 cxb4 30. Bg2+ Bc6 31. Qxb4 Bxg2 32.
Kxg2 Qc6+ 33. Kg1 Rd7 34. Qd4 Rb8 35. Rxb8+ Kxb8 36. Qh8+ Qc8 37. Qxh7 Qc1+ 38. Kg2 Qc6+ 39. Kh3 Rxe7 40. Qxe7 d5 41. Qe5+ Kb7 42. Qd4 Qe6+ 43. Qg4 Qf7 44. Qf4 Qh7+ 45. Qh4 Qd7+ 46. Qg4 Qd6 47.
Qf4 Qc6 48. Qg4 Kb6 49. Qf4 a5 50. Qd4+ Kb5 51. Qd3+ Kb6 52. Qd4+ Ka6 53. Qd3+ Qc4 54. Qxg6+ Kb5 55. Qe8+ Kb4 56. Qe1+ Qc3 57. Qxc3+ Kxc3 58. g4 d4 59. g5 d3 60. g6 d2 61. g7 d1=Q 62.
g8=Q Qh5+ 63. Kg3 Qe5+ 64. f4 Qe3+ 65. Kg2 Qxf4 66. Qg3+ Qxg3+ 67. Kxg3 Kb2 68. h4 Ka3 69. h5 a4 70. h6 Kxa2 71. h7 a3 72. h8=Q Kb1 73. Qb8+ Kc2 74. Qc7+ Kb3 75. Qb6+ Kc2 76. Qc5+ Kb2 77. Qb4+ Ka2 78. Kf2 1-0

[Event "*** Titled Tuesday Blitz"]
[Site "Chess.com"]
[Date "2020.05.19"]
[Round "9"]
[White "parmupill123"]
[Black "manitodeplomo"]
[Result "1/2-1/2"]
[WhiteElo "2414"]
[BlackElo "2585"]
[TimeControl "180+1"]
[EndTime "13:48:16 PDT"]
[Termination "Game drawn - insufficient material"]

1. e4 c5 2. Nc3 Nc6 3. g3 g6 4. Bg2 Bg7 5. d3 Rb8 6. Be3 b5 7. Qd2 b4 8. Nd1 d6 9. Ne2 Bd7 10. O-O h5 11. d4 cxd4 12. Nxd4 Ne5 13. a3 bxa3 14. bxa3 h4 15. c3 hxg3 16. hxg3 Nf6 17. Ra2 Qc8 18. f4 Nc4 19. Qe1 Bh3 20. Nf2 Bxg2 21.
Kxg2 Ng4 22. Nxg4 Qxg4 23. Kg1 Qh3 24. Nf3 Rb3 25. Rh2 Qg4 26. Bd4 Bxd4+ 27. Nxd4 Rxh2 28.
Kxh2 Rb2+ 29. Rf2 Qh5+ 30. Kg2 Rxf2+ 31. Qxf2 Qc5 32. a4 a5 33. Qa2 Ne3+ 34. Kf2 Nd1+ 35. Kg2 Nxc3 36. Qd2 Nxe4 37. Qe3 Qd5 38. Kh2 f5 39. Nf3 Nf6 40. Kh3 Kf7 41. Ng5+ Kg8 42. Qe2 Qh1+ 43. Qh2 Qxh2+ 44. Kxh2 Nd5 45. Ne6 Nc3 46. Nd4 Nxa4 47. Nc6 Kf7 48. Nxa5 Nc5 49. Kg2 Ne4 50. Kf3 Nf6 51. Nb3 e5 52. Nd2 Nd5 53.
Nc4 Ke6 54. fxe5 dxe5 55. Nd2 e4+ 56. Ke2 Ke5 57. Nc4+ Ke6 58. Nd2 Nf6 59. Nc4 g5 60. Ne3 Nd5 61. Nc4 f4 62. Nd2 Ke5 63. gxf4+ gxf4 64. Nc4+ Kd4 65. Nd6 f3+ 66. Kf2 Kd3 67. Nf5 Nc3 68.
Ng3 Kd2 69. Nxe4+ Nxe4+ 70. Kxf3 1/2-1/2

[Event "*** Titled Tuesday Blitz"]
[Site "Chess.com"]
[Date "2020.05.19"]
[Round "9"]
[White "noblerone"]
[Black "chenxiaoyuer"]
[Result "0-1"]
[WhiteElo "2424"]
[BlackElo "2302"]
[TimeControl "180+1"]
[EndTime "13:48:17 PDT"]
[Termination "chenxiaoyuer won by checkmate"]

1. d4 Nf6 2. Nf3 g6 3. Bg5 Bg7 4. Nbd2 d5 5. e3 O-O 6. Bd3 c5 7. c3 Nfd7 8. O-O Nc6 9. Bh4 Qb6 10. Qb3 c4 11. Qxb6 axb6 12. Bc2 b5 13. a3 Nb6 14.
e4 dxe4 15. Bxe4 Bf5 16. Rfe1 e6 17. h3 Nd5 18. Bg3 Nf6 19. Bxf5 gxf5 20. Ne5 Nd5 21. Ndf3 Rfe8 22. Nxc6 bxc6 23. Bd6 f6 24. Re2 Kf7 25. Rae1 Rad8 26. Bh2 Bh6 27. Nh4 Bf4 28. g3 Bd6 29. f4 Re7 30. Kf1 Rg8 31. Nf3 h5 32.
Nh4 Bc7 33. Kf2 Bd6 34. Ng2 Bc7 35. Ne3 Bd6 36. Nc2 h4 37. gxh4 Bxf4 38. Kf3 Bxh2 39. Rxh2 e5 40. dxe5 fxe5 41. Nb4 Nxb4 42. axb4 Kf6 43.
h5 Rd7 44. Rhe2 e4+ 45. Kf2 Rd3 46. Rh1 Rf3+ 47. Ke1 Rd3 48. Rf1 Ke5 49. Ref2 Rf8 50. h6 Rxh3 51. Rg1 Rxh6 52. Rg7 Rd6 53. Re7+ Re6 54.
Rc7 Rg8 55. Ke2 Rg3 56. Rh7 Rd3 57. Rh5 Rf6 58. Rh4 Rd5 59. Rh5 Rdd6 60. Ke3 Rd7 61. Ke2 Rg7 62. Rh4 Rg3 63. Rh5 Ke6 64. Rh8 f4 65.
Re8+ Kf5 66. Rd8 Re3+ 67. Kd2 Rd3+ 68. Kc2 Rxd8 69. Rh2 Rg6 70. Rh5+ Rg5 71. Rh2 Rdg8 72. Kb1 Rg1+ 73. Ka2 Ra8# 0-1

[Event "*** Titled Tuesday Blitz"]
[Site "Chess.com"]
[Date "2020.05.19"]
[Round "9"]
[White "Margarita2907"]
[Black "Justinz"]
[Result "0-1"]
[WhiteElo "2048"]
[BlackElo "2313"]
[TimeControl "180+1"]
[EndTime "13:48:17 PDT"]
[Termination "Justinz won by resignation"]

1. d4 Nf6 2. Nf3 e6 3. e3 b6 4. Bd3 Bb7 5. O-O d5 6. b3 Nbd7 7. Bb2 Be7 8. Nbd2 O-O 9. Qe2 c5 10. c4 Rc8 11. Ne5 Rc7 12. f4 Qa8 13. Ndf3 Rfc8 14.
f5 exf5 15. Bxf5 Re8 16. Qd3 h6 17. Nxd7 Nxd7 18. Bxd7 Rxd7 19. Ne5 Rc7 20. Nxf7 dxc4 21. bxc4 Be4 22. Qe2 Bf6 23. Nd6 Ree7 24. Nxe4 Qxe4 25. Rae1 cxd4 26. Qh5 Rc5 27. Qh3 Rxc4 28. exd4 Bxd4+ 29. Bxd4 Qxd4+ 30. Kh1 Rxe1 31. Rxe1 Qe4 32. Qg3 Qc6 33. h3 Rc1 34. Rxc1 Qxc1+ 35. Kh2 Qc8 36. Qb3+ Kh8 37. Qg3 a5 38. Qd6 b5 39. Qd5 Qc7+ 40. Kh1 b4 41.
Qa8+ Kh7 42. Qe4+ g6 43. Qd3 h5 44. Qb3 Qe7 45. Qa4 Qe1+ 46. Kh2 Qe5+ 47. Kh1 Qd5 48. Qc2 Qd6 49. Qb3 Kg7 50. Qf3 Qe5 51. Qb7+ Kh6 52. Qf3 Qe1+ 53. Kh2 Qe5+ 54. Kh1 a4 55.
Qf8+ Kg5 56. Qxb4 Qe1+ 57. Kh2 Qe5+ 58. Kh1 Qf4 59. Qb5+ Kh6 60. Qe8 Qc1+ 61. Kh2 Qc7+ 62. Kh1 Qc1+ 63. Kh2 Qf4+ 64. Kh1 Qf6 65. Qd8 Qxd8 0-1

[Event "*** Titled Tuesday Blitz"]
[Site "Chess.com"]
[Date "2020.05.19"]
[Round "9"]
[White "VALPARAISO37"]
[Black "bazar-wokzal"]
[Result "0-1"]
[WhiteElo "2312"]
[BlackElo "2505"]
[TimeControl "180+1"]
[EndTime "13:48:19 PDT"]
[Termination "bazar-wokzal won by checkmate"]

1. d4 Nf6 2. c4 Nc6 3. Nf3 e6 4.
a3 d5 5. Nc3 dxc4 6. e3 Na5 7.
Bxc4 Nxc4 8. Qa4+ Nd7 9. Qxc4 Bd6 10. e4 O-O 11. e5 Be7 12. Ne4 Nb6 13. Qc2 h6 14. O-O Bd7 15. b3 Bc6 16. Re1 a5 17. Bd2 a4 18. b4 Bd5 19. Qc1 Kh7 20. Re3 Nc4 21. Re1 f5 22. exf6 Bxf6 23. Qc2 Kh8 24. Bc3 Qe8 25. Nxf6 Rxf6 26. Ne5 Nxe5 27. Rxe5 Rg6 28. g3 Qf7 29. Qd3 Rf8 30. Rf1 Rf6 31. f4 Rf5 32. b5 Qh5 33. Qe2 Rxe5 34. Qxe5 Qh3 35. Qe2 Qf5 36. Bb4 Rf6 37. Rc1 Rf7 38.
Re1 b6 39. Rc1 Bb7 40. Qe5 Qh3 41. Rc6 Bxc6 42. bxc6 Qf5 43. d5 Qxe5 44. fxe5 exd5 45. Bd6 Kg8 46. e6 Rf6 47. Bxc7 Rxe6 48. Bxb6 Rxc6 49. Bd4 Rc4 50. Be5 d4 51. Kf2 Kf7 52. Ke2 g5 53. Kd3 Rc3+ 54. Kxd4 Rxa3 55. h4 g4 56. Kc4 Rf3 57.
Kb4 a3 58. Kc4 a2 59. Bb2 Ke6 60. Bg7 Rxg3 61. h5 Rg1 62. Bxh6 a1=Q 63. Bg7 Qa4+ 64. Kd3 Qa6+ 65. Ke3 Rg3+ 66. Kf4 Rf3+ 67. Kxg4 Rf7 68. h6 Qe2+ 69. Kg5 Rf5+ 70. Kg6 Qh5+ 71. Kh7 Kf7 72. Kh8 Qg6 73. Bf8 Qg8# 0-1

[Event "*** Titled Tuesday Blitz"]
[Site "Chess.com"]
[Date "2020.05.19"]
[Round "9"]
[White "Evgeny81"]
[Black "ChristopherYoo"]
[Result "1/2-1/2"]
[WhiteElo "2727"]
[BlackElo "2870"]
[TimeControl "180+1"]
[EndTime "13:48:20 PDT"]
[Termination "Game drawn by repetition"]

1. e4 c5 2. Nf3 e6 3. b3 Nf6 4. e5 Nd5 5. Bb2 Nc6 6. g3 Be7 7.
Bg2 O-O 8. O-O d6 9. exd6 Bf6 10. Bxf6 Qxf6 11. Na3 Rd8 12. Nb5 a6 13. Nc7 Nxc7 14. dxc7 Rd7 15. Qe2 Rxc7 16. Rae1 Bd7 17. Qe3 Nb4 18. Qe5 Qxe5 19. Nxe5 Nxc2 20. Rc1 Nd4 21. Rfe1 Bb5 22. d3 Rd8 23. Re3 f6 24. Nc4 Kf7 25.
f4 Bxc4 26. dxc4 f5 27. Kf2 Nc6 28. Bxc6 Rxc6 29. Rc2 Rcd6 30. Ke2 Rd1 31. Re5 b6 32. Re3 a5 33. h4 h5 34. a4 Rg1 35. Kf3 Rdd1 36. Rce2 Rdf1+ 37. Rf2 Kf6 38. Rxf1 Rxf1+ 39. Ke2 Rb1 40. Rd3 Rb2+ 41. Kf3 g6 42. Re3 Rd2 43. Re2 Rd1 44. Kf2 Rb1 45. Re3 Ke7 46. Ke2 Rb2+ 47. Kf3 Kf7 48. Rd3 Kf6 49. Ke3 Rg2 50. Kf3 Rg1 51.
Re3 Rc1 52. Kf2 Rc2+ 53. Re2 Rc1 54. Re1 Rc2+ 55. Re2 Rc1 56. Re1 Rxe1 57. Kxe1 e5 58. Ke2 e4 59. Ke3 Ke6 60. Ke2 Kd6 61. Ke3 Kd7 62.
Ke2 Kc6 63. Ke3 Kc7 64. Ke2 Kd6 65. Ke3 Ke7 66. Ke2 Kf8 67. Ke3 Ke8 68. Ke2 Kd8 69. Ke3 Ke7 70. Ke2 Ke6 71. Ke3 Kd6 72. Ke2 Kc6 73.
Ke3 Kb7 74. Ke2 Ka6 75. Ke3 Ka7 76. Ke2 Kb8 77. Ke3 Kc8 78. Ke2 Kd7 79. Ke3 Ke8 80.
Ke2 Kf8 81. Ke3 Kg7 82. Ke2 Kf7 83. Ke3 Ke7 1/2-1/2